Selects Airborne Battlegroup
Selects Heavy Machine Gun Paradrop
Heavy Machine Gun Paradrop
Construct Weapon Support Center
Heavy Machine Gun Paradrop
Selects Paratrooper Squad Paradrop
Paratrooper Squad Paradrop
Advanced Air Reconnaissance
Paratrooper Squad Paradrop
Grasshopper High-Altitude Recon Run
Grasshopper High-Altitude Recon Run
Selects Anti-tank Gun Team Paradrop
Grasshopper High-Altitude Recon Run
Anti-tank Gun Team Paradrop
Grasshopper High-Altitude Recon Run
Improved M9 Bazooka Rockets
Grasshopper High-Altitude Recon Run
M3 Armored Personnel Carrier
M4(105) Sherman Bulldozer
Grasshopper High-Altitude Recon Run
Grasshopper High-Altitude Recon Run
Selects Carpet Bombing Run
Grasshopper High-Altitude Recon Run
M18 Hellcat Tank Destroyer
Anti-tank Gun Team Paradrop
M4(105) Sherman Bulldozer
Grasshopper High-Altitude Recon Run
Grasshopper High-Altitude Recon Run
Paratrooper Squad Paradrop
Grasshopper High-Altitude Recon Run
M18 Hellcat Tank Destroyer